 Dungeon Crawl Stone Soup version 0.23-a0-8-gb809bb7 (webtiles) character file.

917 Kuinu the Firebug (level 7, -6/50 HPs)
             Began as a Grey Draconian Fire Elementalist on Aug 1, 2018.
             Was an Initiate of Vehumet.
             Killed by nerve-wracking pain
             ... invoked by Menkaure
              (8 damage)
             ... on level 6 of the Dungeon.
             The game lasted 00:18:15 (8665 turns).

Kuinu the Firebug (DrFE)                            Turns: 8665, Time: 00:18:16

Health: -6/50      AC: 11    Str:  7 (10) XL:     7   Next: 83%
Magic:  5/13       EV: 12    Int: 17 (18) God:    Vehumet [......]
Gold:   368        SH:  0    Dex: 10 (11) Spells: 1/14 levels left

rFire    . . .     SeeInvis .   f - +0 spear
rCold    . . .     Gourm    .   (no shield)
rNeg     . . .     Faith    .   (armour unavailable)
rPois    .         Spirit   .   (helmet restricted)
rElec    .         Reflect  .   (no cloak)
rCorr    .         Harm     .   (no gloves)
MR       .....                  (no boots)
Stlth    ++........             (no amulet)
HPRegen  0.16/turn              (no ring)
MPRegen  0.13/turn              (no ring)

@: no status effects
A: walk through water, unfitting armour, unbreathing, cold-blooded, AC +11
a: Renounce Religion


You were on level 6 of the Dungeon.
You worshipped Vehumet.
Vehumet was noncommittal.
You were near starving.

You visited 2 branches of the dungeon, and saw 7 of its levels.

You collected 368 gold pieces.

Inventory:

Hand Weapons
 d - a +0 club
 e - a +0 dagger
 f - a +0 spear (weapon)
 i - a +0 dagger of holy wrath
Magical Staves
 o - an uncursed staff of air
Wands
 t - a wand of random effects (29)
Scrolls
 g - a scroll of amnesia {unknown}
 j - a scroll of random uselessness {unknown}
 k - a scroll of teleportation
 l - a scroll of enchant armour {unknown}
 p - a scroll of remove curse
 q - a scroll of immolation {unknown}
 r - a scroll of fear {unknown}
 s - a scroll of blinking {unknown}
Potions
 a - 2 potions of flight
 c - 2 potions of might
 h - 2 potions of cancellation
 m - 2 potions of agility
 u - a potion of degeneration
Comestibles
 b - 6 rations
 v - a chunk of flesh


   Skills:
 - Level 1.7 Dodging
 - Level 1.7 Stealth
 + Level 4.1 Spellcasting
 * Level 5.6 Conjurations
 * Level 6.4 Fire Magic


You had one spell level left.
You knew the following spells:

 Your Spells              Type           Power        Failure   Level  Hunger
a - Flame Tongue          Conj/Fire      ###..        1%          1    None
b - Conjure Flame         Conj/Fire      ###.....     4%          3    ###....
c - Sticky Flame          Conj/Fire      ###.....     13%         4    ####...
d - Fireball              Conj/Fire      ###.......   36%         5    ######.

Your spell library contained the following spells:

 Spells                   Type           Power        Failure   Level  Hunger
 Throw Flame              Conj/Fire      ###...       1%          2    ##.....
 Inner Flame              Hex/Fire       ##......     12%         3    ###....


Dungeon Overview and Level Annotations

Branches:
Dungeon (6/15)             Temple (1/1) D:4

Altars:
Ashenzari
Dithmenos
Elyvilon
Fedhas
Gozag
Hepliaklqana
Kikubaaqudgha
Makhleb
Qazlal
Ru
Trog
Vehumet
Xom
Yredelemnul
Zin

Portals:
Sewer: D:6

Annotations:
D:6 Menkaure


Innate Abilities, Weirdness & Mutations

You can walk through water.
Your dull iron-grey scales are very hard. (AC +11)
You cannot fit into any form of body armour.
You can survive without breathing.
You are cold-blooded and may be slowed by cold attacks.


Message History

Confirm with . or Enter, or press ? or * to list all spells.
Aiming: Sticky Flame (safe; 13% risk of failure)
Press: ? - help, Shift-Dir - straight line, f/p - Menkaure
Aim: Menkaure (moderately damaged, fast)
The sticky flame hits Menkaure.
Menkaure is heavily damaged.
Menkaure is covered in liquid flames!
Menkaure burns!
Menkaure barely misses you.
Your magical contamination has completely faded away.
Casting: Sticky Flame (safe; 13% risk of failure)
Confirm with . or Enter, or press ? or * to list all spells.
Aiming: Flame Tongue (safe; 1% risk of failure)
Press: ? - help, Shift-Dir - straight line, f/p - Menkaure
Aim: Menkaure (severely damaged, fast, covered in liquid flames)
The flame tongue hits Menkaure.
Menkaure is severely damaged.
Menkaure burns!
Menkaure points at you and mumbles some strange words.
Pain shoots through your body!
You die...

###############
..............#
....#####..##.#
.......##..##.#
..####.##..##.####
..####.##.)(.....####
.....#.##.##........#
..##.#.##.##.##.@.#>#
..##.#.##.##.##..M#.#######
..##.#.##.##......†.o......
.......##.##....†#†..#...$.
##÷#.####.##.....≈≈≈≈†....#
##..# #$##.#.#≈≈≈≈≈≈≈#..#
#..# #.##.#.≈≈≈≈≈≈≈≈≈.
##..####.## ...≈≈≈∩≈≈≈...
##..............≈≈≈≈≈≈≈....


You could see Menkaure (burning).

Vanquished Creatures
  Grinder (D:5)
  A sky beast (D:5)
  A phantom (D:6)
  A centaur (D:6)
  A howler monkey (D:5)
  An orc priest (D:4)
  2 jellies (D:5)
  An orc wizard (D:4)
  An iguana (D:5)
  A hound zombie (D:3)
  2 hound skeletons
  A gnoll (D:4)
  8 adders
  An ooze (D:1)
  An adder zombie (D:6)
  3 adder skeletons
  2 worms
  2 dart slugs
  A leopard gecko (D:3)
  11 orcs
  8 ball pythons
  6 giant cockroaches
  9 goblins
  11 hobgoblins
  20 jackals
  2 quokkas
  A ball python skeleton (D:4)
  8 bats
  7 frilled lizards
  7 kobolds
  A leopard gecko skeleton (D:4)
  A quokka skeleton (D:4)
  2 quokka zombies (D:3)
  8 rats
134 creatures vanquished.

Notes
Turn   | Place    | Note
-------+----------+-------------------------------------------
     0 | D:1      | Kuinu the Draconian Fire Elementalist began the quest for the Orb.
     0 | D:1      | Reached XP level 1. HP: 14/14 MP: 3/3
   119 | D:1      | Reached XP level 2. HP: 11/20 MP: 0/5
   875 | D:1      | HP: 1/20 [hobgoblin/club (2)]
   876 | D:1      | Reached XP level 3. HP: 1/26 MP: 0/6
  1733 | D:1      | Learned a level 3 spell: Conjure Flame
  1790 | D:2      | Reached XP level 4. HP: 29/33 MP: 0/7
  2095 | D:2      | Reached skill level 4 in Fire Magic
  2439 | D:2      | Found a shadowy altar of Dithmenos.
  3225 | D:3      | Reached XP level 5. HP: 37/38 MP: 4/9
  3242 | D:3      | Learned a level 4 spell: Sticky Flame
  4909 | D:4      | Found a stormy altar of Qazlal.
  5948 | D:4      | Found a staircase to the Ecumenical Temple.
  5953 | Temple   | Entered the Ecumenical Temple
  5995 | Temple   | Became a worshipper of Vehumet
  6053 | D:4      | Reached XP level 6. HP: 43/45 MP: 1/10
  6230 | D:4      | Found a bloodstained altar of Trog.
  6239 | D:4      | Found a hazy altar of Hepliaklqana.
  6239 | D:4      | Found a sacrificial altar of Ru.
  6643 | D:4      | Reached skill level 5 in Fire Magic
  6824 | D:5      | Entered Level 5 of the Dungeon
  7016 | D:5      | Noticed Grinder
  7018 | D:5      | Paralysed by Grinder for 3 turns
  7034 | D:5      | Killed Grinder
  7034 | D:5      | Your scales start taking on a dull iron-grey colour.
  7034 | D:5      | Reached XP level 7. HP: 38/50 MP: 0/12
  7034 | D:5      | Gained mutation: You can survive without breathing. [Grey Draconian growth]
  7510 | D:5      | Learned a level 5 spell: Fireball
  7723 | D:5      | Found a shimmering altar of Xom.
  7740 | D:5      | Reached skill level 5 in Conjurations
  7740 | D:5      | Reached skill level 6 in Fire Magic
  8639 | D:6      | Found a glowing drain.
  8651 | D:6      | Noticed Menkaure
  8660 | D:6      | HP: 2/50 [Menkaure/nerve-wracking pain (13)]
  8665 | D:6      | Killed from afar by Menkaure

Vault maps used:
D:1:      tarquinn_simple_flora_water_f, minmay_misc_feat_hallway,
          hangedman_decor_growths, minivault_11
D:2:      grunt_dithmenos_smoke_and_mirrors
D:3:      serial_undead, serial_undead_b, serial_undead_a, serial_undead_b,
          serial_undead_c
D:4:      nicolae_overflow_hidden_temple, grunt_qazlal_sundering,
          temple_doors_cd, serial_co_window_serial, co_window_paths_b,
          co_window_paths_a, co_window_of_opportunity_a,
          co_window_of_opportunity_a, co_window_cross_1,
          co_window_of_opportunity_a, co_window_of_opportunity_a,
          co_window_paths_a, co_window_paths_b, co_window_paths_c,
          co_window_cross_2, co_window_of_opportunity_b, co_window_4corner_b,
          glass_columns_a, glass_columns_c, glass_columns_c, minmay_surrounded
D:5:      kennysheep_little_box, first_ration, uniq_grinder
D:6:      eat_drink_and_be_merry_uskayaw, cheibrodos_sewer_entry_drain,
          minmay_misc_feat_tower, uniq_prince_ribbit1, uniq_duvessa,
          uniq_menkaure
Temple:   jpeg_temple_clearing

Skill      XL: |  1  2  3  4  5  6  7 |
---------------+----------------------+-----
Conjurations   | 2 3 4 5 |  5.6
Fire Magic     | 4 5 6 |  6.4
Spellcasting   | 3 4 |  4.1
Dodging        | |  1.7
Stealth        | |  1.7

Action                   |  1- 3 |  4- 6 |  7- 9 || total
-------------------------+-------+-------+-------++-------
Melee: Dagger            |    32 |       |       ||    32
       Tailslap          |     5 |     3 |     2 ||    10
       Club              |     1 |       |       ||     1
       Spear             |    19 |    43 |    17 ||    79
 Cast: Flame Tongue      |    55 |   138 |    38 ||   231
       Sticky Flame      |       |    13 |     5 ||    18
Evoke: Wand              |       |       |     1 ||     1
  Use: Scroll            |       |     3 |     3 ||     6
       Potion            |       |       |     2 ||     2
  Eat: Chunk             |     3 |    20 |     1 ||    24
       Ration            |       |       |     1 ||     1
Armor: Skin              |    21 |    25 |     8 ||    54
Dodge: Dodged            |    33 |    57 |    16 ||   106

Table legend:
 A = Spawn XP
 B = Non-spawn XP
 C = Spawn XP percentage of total XP
 D = Spawn monster count
 E = Non-spawn monster count
 F = Spawn count percentage of total count
 G = Total turns spent on level
                    A         B        C        D         E        F      G
               +---------+---------+-------+---------+---------+-------+---------
         Total |       0 |    1311 |   0.0 |       0 |     134 |   0.0 |  8665
               +---------+---------+-------+---------+---------+-------+---------
           D:1 |       0 |      63 |   0.0 |       0 |      32 |   0.0 |  1734
           D:2 |       0 |      93 |   0.0 |       0 |      25 |   0.0 |  1095
           D:3 |       0 |     131 |   0.0 |       0 |      37 |   0.0 |  2045
           D:4 |       0 |     150 |   0.0 |       0 |      18 |   0.0 |  1863
           D:5 |       0 |     623 |   0.0 |       0 |      10 |   0.0 |  1632
           D:6 |       0 |     251 |   0.0 |       0 |      12 |   0.0 |   209
               +---------+---------+-------+---------+---------+-------+---------
